Workbook

Sheet RES
A1: PREFEITURA MUNICIPAL DE SANTA TERESA Secretaria Municipal de Planejamento e Assuntos Estratégicos RESUMO GERAL DO ORÇAMENTO
A2: PROJETO: VISCONDE DE INHAUMA | C2: BDI: 34,71% | BDI Diferenc. : 15,57%
A3: LOCAL: Rua 25 de Março, 186, Santo Antônio do Canaâ, CEP 29654-00, Santa Teresa-ES | C3: REF: DER-ES EDIF. (jan-24). SINAPI (jan-24). DER-ES ROD. (jan-23). SCO-RIO (jan-24). ORSE (jan-24).
A4: ÁREA: | B4: 1112.79 | C4: Data Base: jan-24
A5: ITEM | B5: DISCRIMINAÇÃO | C5: VALOR PARCIAL (R$) | D5: VALOR P/ m² R$ | E5: % sobre o Total
A6: 1.0 | B6: =VLOOKUP(A6,ORÇ!C:K,2,0) -> INSTALAÇÃO MANUT. CANTEIRO MOB., DESMOB. E PLACA DE OBRA | C6: =VLOOKUP(A6,ORÇ!C:Z,8,0) -> 0 | D6: =C6/$B$4 -> 0 | E6: =C6/$C$15 -> #DIV/0!
A7: 2.0 | B7: =VLOOKUP(A7,ORÇ!C:K,2,0) -> SERVIÇOS PRELIMINARES | C7: =VLOOKUP(A7,ORÇ!C:Z,8,0) -> 0 | D7: =C7/$B$4 -> 0 | E7: =C7/$C$15 -> #DIV/0!
A8: 3.0 | B8: =VLOOKUP(A8,ORÇ!C:K,2,0) -> ESTRUTURA | C8: =VLOOKUP(A8,ORÇ!C:Z,8,0) -> 0 | D8: =C8/$B$4 -> 0 | E8: =C8/$C$15 -> #DIV/0!
A9: 4.0 | B9: =VLOOKUP(A9,ORÇ!C:K,2,0) -> SISTEMA DE VEDAÇÃO VERTICAL E COBERTURA | C9: =VLOOKUP(A9,ORÇ!C:Z,8,0) -> 0 | D9: =C9/$B$4 -> 0 | E9: =C9/$C$15 -> #DIV/0!
A10: 5.0 | B10: =VLOOKUP(A10,ORÇ!C:K,2,0) -> INSTALAÇÕES ELÉTRICAS | C10: =VLOOKUP(A10,ORÇ!C:Z,8,0) -> 0 | D10: =C10/$B$4 -> 0 | E10: =C10/$C$15 -> #DIV/0!
A11: 6.0 | B11: =VLOOKUP(A11,ORÇ!C:K,2,0) -> CABEAMENTO ESTRUTURADO | C11: =VLOOKUP(A11,ORÇ!C:Z,8,0) -> 0 | D11: =C11/$B$4 -> 0 | E11: =C11/$C$15 -> #DIV/0!
A12: 7.0 | B12: =VLOOKUP(A12,ORÇ!C:K,2,0) -> ESQUADRIAS | C12: =VLOOKUP(A12,ORÇ!C:Z,8,0) -> 0 | D12: =C12/$B$4 -> 0 | E12: =C12/$C$15 -> #DIV/0!
A13: 8.0 | B13: =VLOOKUP(A13,ORÇ!C:K,2,0) -> ACABAMENTOS | C13: =VLOOKUP(A13,ORÇ!C:Z,8,0) -> 0 | D13: =C13/$B$4 -> 0 | E13: =C13/$C$15 -> #DIV/0!
A14: 9.0 | B14: =VLOOKUP(A14,ORÇ!C:K,2,0) -> SERVIÇOS COMPLEMENTARES E FINAIS | C14: =VLOOKUP(A14,ORÇ!C:Z,8,0) -> 0 | D14: =C14/$B$4 -> 0 | E14: =C14/$C$15 -> #DIV/0!
A15: TOTAL GERAL | C15: =SUM(C5:C14) -> 0 | D15: =SUM(D5:D14) -> 0 | E15: =SUM(E6:E14) -> #DIV/0!

Sheet ORÇ
J1: MANTER COLUNA APENAS PARA O TOTAL DOS SERVIÇOS
A2: PROJETO: VISCONDE DE INHAUMA | E2: BDI: | F2: 0.3471 | G2: BDI Diferenc. : | H2: 0.1557
A3: LOCAL: Rua 25 de Março, 186, Santo Antônio do Canaâ, CEP 29654-00, Santa Teresa-ES | E3: REF: DER-ES EDIF. (jan-24). SINAPI (jan-24). DER-ES ROD. (jan-23). SCO-RIO (jan-24). ORSE (jan-24).
A4: PRAZO OBRA PREV.: | C4: 5 | E4: Não Desonerado - LS: Conforme referenciais
A5: ÁREA: | B5: 1112.79 | E5: Data Base: jan-24
A6: CÓD | B6: ÓRGÃO | C6: ITEM | D6: DISCRIMINAÇÃO DO SERVIÇO | E6: UNID | F6: QTDE | G6: PREÇO UNITÁRIO (R$) SEM BDI | H6: PREÇO UNITÁRIO (R$) COM BDI | I6: PREÇO TOTAL (R$)
A7: SERVIÇOS GERAIS
C8: 1.0 | D8: INSTALAÇÃO MANUT. CANTEIRO MOB., DESMOB. E PLACA DE OBRA | J8: =I13 -> 0
A9: 20305 | B9: DER-ES EDIF. | C9: 1.1 | D9: Placa de obra nas dimensões de 2.0 x 4.0 m, padrão DER | E9: m2 | F9: =VLOOKUP(C9,MEMÓRIA!$1:$1048576,16,0) -> 8
A10: 20350 | B10: DER-ES EDIF. | C10: 1.2 | D10: Tapume Telha Metálica Ondulada em aço galvalume 0,50mm Branca h=2,20m, incl. montagem estr. mad. 8"x8", c/adesivo "DER-ES" 60x60cm a cada 10m, incl. faixas pint. esmalte sint. cores azul c/ h=30cm e rosa c/ h=10cm (Reaproveitamento 2x) | E10: m | F10: =VLOOKUP(C10,MEMÓRIA!$1:$1048576,16,0) -> 50
A11: 20352 | B11: DER-ES EDIF. | C11: 1.3 | D11: Aluguel mensal container para escritório, dim. 6.00x2.40m, c/ banheiro (vaso+lavat+chuveiro e básc), incl. porta, 2 janelas, abert p/ ar cond., 2 pt iluminação, 2 tom. elét. e 1 tom.telef. Isolam.térmico(teto e paredes), piso em comp. Naval, cert. NR18, incl. laudo descontaminação. | E11: ms | F11: =VLOOKUP(C11,MEMÓRIA!$1:$1048576,16,0) -> 5
A12: 20344 | B12: DER-ES EDIF. | C12: 1.4 | D12: Mobilização e desmobilização de conteiner locado para barracão de obra | E12: und | F12: =VLOOKUP(C12,MEMÓRIA!$1:$1048576,16,0) -> 1
A13: =_xlfn.CONCAT("SUB - TOTAL ",D8) -> SUB - TOTAL INSTALAÇÃO MANUT. CANTEIRO MOB., DESMOB. E PLACA DE OBRA | I13: =SUM(I9:I12) -> 0
C15: 2.0 | D15: SERVIÇOS PRELIMINARES | J15: =I26 -> 0
A16: 10203 | B16: DER-ES EDIF. | C16: 2.1 | D16: Demolição de piso revestido com cerâmica inclusive lastro de concreto | E16: m2 | F16: =VLOOKUP(C16,MEMÓRIA!$1:$1048576,16,0) -> 79.732
A17: 10325 | B17: DER-ES EDIF. | C17: 2.2 | D17: Demolição de estrutura de madeira para telhado | E17: m2 | F17: =VLOOKUP(C17,MEMÓRIA!$1:$1048576,16,0) -> 79.732
A18: 97622 | B18: SINAPI | C18: 2.3 | D18: DEMOLIÇÃO DE ALVENARIA DE BLOCO FURADO, DE FORMA MANUAL, SEM REAPROVEITAMENTO. AF_09/2023 | E18: M3 | F18: =VLOOKUP(C18,MEMÓRIA!$1:$1048576,16,0) -> 16.947
A19: 97627 | B19: SINAPI | C19: 2.4 | D19: DEMOLIÇÃO DE PILARES E VIGAS EM CONCRETO ARMADO, DE FORMA MECANIZADA COM MARTELETE, SEM REAPROVEITAMENTO. AF_09/2023 | E19: M3 | F19: =VLOOKUP(C19,MEMÓRIA!$1:$1048576,16,0) -> 36.708
A20: 97629 | B20: SINAPI | C20: 2.5 | D20: DEMOLIÇÃO DE LAJES, EM CONCRETO ARMADO, DE FORMA MECANIZADA COM MARTELETE, SEM REAPROVEITAMENTO. AF_09/2023 | E20: M3 | F20: =VLOOKUP(C20,MEMÓRIA!$1:$1048576,16,0) -> 7.9732
A21: 9 | B21: ORSE | C21: 2.6 | D21: Remoção de telhamento com telhas cerâmicas | E21: m2 | F21: =VLOOKUP(C21,MEMÓRIA!$1:$1048576,16,0) -> 79.732
A22: 10216 | B22: DER-ES EDIF. | C22: 2.7 | D22: Retirada de meio-fio de concreto | E22: m | F22: =VLOOKUP(C22,MEMÓRIA!$1:$1048576,16,0) -> 69.01
A23: 10210 | B23: DER-ES EDIF. | C23: 2.8 | D23: Demolição manual de concreto simples (EMOP 05.001.001) | E23: m3 | F23: =VLOOKUP(C23,MEMÓRIA!$1:$1048576,16,0) -> 1.7655
A24: 12362 | B24: ORSE | C24: 2.9 | D24: Restauro - Reboco especial de parede, spessura 3cm, com argamassa traço 1:0,2 4:0,74 ( cal, arenoso e areia média) | E24: m2 | F24: =VLOOKUP(C24,MEMÓRIA!$1:$1048576,16,0) -> 95.1
A25: 30304 | B25: DER-ES EDIF. | C25: 2.10 | D25: Índice de preço para remoção de entulho decorrente da execução de obras (Classe A CONAMA - NBR 10.004 - Classe II-B), incluindo aluguel da caçamba, carga, transporte e descarga em área licenciada | E25: m3 | F25: =VLOOKUP(C25,MEMÓRIA!$1:$1048576,16,0) -> 425.29315
A26: =_xlfn.CONCAT("SUB - TOTAL ",D15) -> SUB - TOTAL SERVIÇOS PRELIMINARES | I26: =SUM(I16:I25) -> 0
C28: 3.0 | D28: ESTRUTURA | J28: =I43 -> 0
A29: 10501 | B29: DER-ES EDIF. | C29: 3.1 | D29: Locação de obra com gabarito de madeira | E29: m2 | F29: =VLOOKUP(C29,MEMÓRIA!$1:$1048576,16,0) -> 105
A30: 30101 | B30: DER-ES EDIF. | C30: 3.2 | D30: Escavação manual em material de 1a. categoria, até 1.50 m de profundidade | E30: m3 | F30: =VLOOKUP(C30,MEMÓRIA!$1:$1048576,16,0) -> 67.463475
A31: 30119 | B31: DER-ES EDIF. | C31: 3.3 | D31: Apiloamento do fundo de vala com maço de 30 a 60kg | E31: m2 | F31: =VLOOKUP(C31,MEMÓRIA!$1:$1048576,16,0) -> 20.1811
A32: 9962 | B32: ORSE | C32: 3.4 | D32: Lastro de brita graduada apiloada e=10cm | E32: m2 | F32: =VLOOKUP(C32,MEMÓRIA!$1:$1048576,16,0) -> 154.84
A33: 97087 | B33: SINAPI | C33: 3.5 | D33: CAMADA SEPARADORA PARA EXECUÇÃO DE RADIER, PISO DE CONCRETO OU LAJE SOBRE SOLO, EM LONA PLÁSTICA. AF_09/2021 | E33: M2 | F33: =VLOOKUP(C33,MEMÓRIA!$1:$1048576,16,0) -> 154.84
A34: 97088 | B34: SINAPI | C34: 3.6 | D34: ARMAÇÃO PARA EXECUÇÃO DE RADIER, PISO DE CONCRETO OU LAJE SOBRE SOLO, COM USO DE TELA Q-92. AF_09/2021 | E34: KG | F34: =VLOOKUP(C34,MEMÓRIA!$1:$1048576,16,0) -> 229.1632
A35: 40231 | B35: DER-ES EDIF. | C35: 3.7 | D35: Fornecimento, preparo e aplicação de concreto magro com consumo mínimo de cimento de 250 kg/m3 (brita 1 e 2) - (5% de perdas já incluído no custo) | E35: m3 | F35: =VLOOKUP(C35,MEMÓRIA!$1:$1048576,16,0) -> 1.009055
A36: 40243 | B36: DER-ES EDIF. | C36: 3.8 | D36: Fornecimento, dobragem e colocação em fôrma, de armadura CA-50 A média, diâmetro de 6.3 a 10.0 mm | E36: kg | F36: =VLOOKUP(C36,MEMÓRIA!$1:$1048576,16,0) -> 1407.2992
A37: 40245 | B37: DER-ES EDIF. | C37: 3.9 | D37: Fornecimento, dobragem e colocação em fôrma, de armadura CA-50 A grossa diâmetro de 12.5 a 25.0 mm (1/2 a 1") | E37: kg | F37: =VLOOKUP(C37,MEMÓRIA!$1:$1048576,16,0) -> 133.857
A38: 40246 | B38: DER-ES EDIF. | C38: 3.10 | D38: Fornecimento, dobragem e colocação em fôrma, de armadura CA-60 B fina, diâmetro de 4.0 a 7.0mm | E38: kg | F38: =VLOOKUP(C38,MEMÓRIA!$1:$1048576,16,0) -> 366.3622
A39: 40337 | B39: DER-ES EDIF. | C39: 3.11 | D39: Fôrma em chapa de madeira compensada plastificada 12mm para estrutura em geral, 5 reaproveitamentos, reforçada com sarrafos de madeira 2.5x10cm (incl material, corte, montagem, escoras em eucalipto e desforma) | E39: m2 | F39: =VLOOKUP(C39,MEMÓRIA!$1:$1048576,16,0) -> 240.26
A40: 40237 | B40: DER-ES EDIF. | C40: 3.12 | D40: Fornecimento, preparo e aplicação de concreto Fck=25 MPa (brita 1 e 2) - (5% de perdas já incluído no custo) | E40: m3 | F40: =VLOOKUP(C40,MEMÓRIA!$1:$1048576,16,0) -> 28.81
... A42: 100203 | B42: DER-ES EDIF. | C42: 3.14 | D42: Pintura impermeabilizante com igolflex ou equivalente a 3 demãos | E42: m2 | F42: =VLOOKUP(C42,MEMÓRIA!$1:$1048576,16,0) -> 323.97
A43: =_xlfn.CONCAT("SUB - TOTAL ",D28) -> SUB - TOTAL ESTRUTURA | I43: =SUM(I29:I42) -> 0
C45: 4.0 | D45: SISTEMA DE VEDAÇÃO VERTICAL E COBERTURA | J45: =I54 -> 0
A46: 50606 | B46: DER-ES EDIF. | C46: 4.1 | D46: Alvenaria de blocos cerâmicos 10 furos 10x20x20cm, assentados c/argamassa de cimento, cal hidratada CH1 e areia traço 1:0,5:8, esp. das juntas 12mm e esp. das paredes s/revestimento, 10cm (bloco comprado na fábrica, posto obra) | E46: m2 | F46: =VLOOKUP(C46,MEMÓRIA!$1:$1048576,16,0) -> 214.36
A47: 50301 | B47: DER-ES EDIF. | C47: 4.2 | D47: Verga/contraverga reta de concreto armado 10 x 5 cm, Fck = 15 MPa, inclusive forma, armação e desforma | E47: m | F47: =VLOOKUP(C47,MEMÓRIA!$1:$1048576,16,0) -> 46.8
A48: 90101 | B48: DER-ES EDIF. | C48: 4.3 | D48: Estrutura de madeira de lei tipo Paraju, peroba mica, angelim pedra ou equivalente para telhado de telha cerâmica tipo capa e canal, com pontaletes, terças, caibros e ripas, inclusive tratamento com cupinicida, exclusive telhas | E48: m2 | F48: =VLOOKUP(C48,MEMÓRIA!$1:$1048576,16,0) -> 140.14
A49: 90212 | B49: DER-ES EDIF. | C49: 4.4 | D49: Cobertura nova de telhas cerâmicas tipo capa e canal inclusive cumeeiras (telhas compradas na fábrica, posto obra) | E49: m2 | F49: =VLOOKUP(C49,MEMÓRIA!$1:$1048576,16,0) -> 140.14
A50: 103314 | B50: SINAPI | C50: 4.5 | D50: INSTALAÇÃO DE PERGOLADO DE MADEIRA, EM MAÇARANDUBA, ANGELIM OU EQUIVALENTE DA REGIÃO, FIXADO COM CONCRETO SOBRE PISO DE CONCRETO EXISTENTE. AF_11/2021 | E50: M2 | F50: =VLOOKUP(C50,MEMÓRIA!$1:$1048576,16,0) -> 24.67
A51: 13060 | B51: ORSE | C51: 4.6 | D51: Fornecimento e instalação de chapas de policarbonato, e=8mm em toldo/cobertur a/fechamento/etc - Rev 01 | E51: m² | F51: =VLOOKUP(C51,MEMÓRIA!$1:$1048576,16,0) -> 24.67
A52: 3388 | B52: ORSE | C52: 4.7 | D52: Madeiramento em pau d´arco, pilar com 20x20cm, aparelhado | E52: m3 | F52: =VLOOKUP(C52,MEMÓRIA!$1:$1048576,16,0) -> 0.122
A53: 90312 | B53: DER-ES EDIF. | C53: 4.8 | D53: Calha em chapa galvanizada com largura de 40 cm | E53: m | F53: =VLOOKUP(C53,MEMÓRIA!$1:$1048576,16,0) -> 40.7
A54: =_xlfn.CONCAT("SUB - TOTAL ",D45) -> SUB - TOTAL SISTEMA DE VEDAÇÃO VERTICAL E COBERTURA | I54: =SUM(I46:I53) -> 0
C56: 5.0 | D56: INSTALAÇÕES ELÉTRICAS | J56: =I105 -> 0
C57: 5.1 | D57: SUBESTAÇÃO E QUADROS DE DISTRIBUIÇÃO
A58: 101946 | B58: SINAPI | C58: 5.1.1 | D58: QUADRO DE MEDIÇÃO GERAL DE ENERGIA PARA 1 MEDIDOR DE SOBREPOR - FORNECIMENTO E INSTALAÇÃO. AF_10/2020 | E58: UN | F58: =VLOOKUP(C58,MEMÓRIA!$1:$1048576,16,0) -> 1
A59: 151902 | B59: DER-ES EDIF. | C59: 5.1.2 | D59: Quadro distrib. energia, embutido ou semi embutido, capac. p/ 28 disj. DIN, c/barram trif. 100A barra. neutro e terra, fab. em chapa de aço 12 USG com porta, espelho, trinco com fechad ch yale, Ref. QDTN II-28DIN-CEMAR ou equiv. | E59: und | F59: =VLOOKUP(C59,MEMÓRIA!$1:$1048576,16,0) -> 1
C60: 5.2 | D60: DISJUNTORES
A61: 151338 | B61: DER-ES EDIF. | C61: 5.2.1 | D61: Mini-Disjuntor monopolar 10A, curva C, 5kA, 127/220Vca, referência Siemens, GE, Schneider ou equivalente | E61: und | F61: =VLOOKUP(C61,MEMÓRIA!$1:$1048576,16,0) -> 4
A62: 151306 | B62: DER-ES EDIF. | C62: 5.2.2 | D62: Mini-Disjuntor bipolar 16A, curva C, 5kA, 127/220Vca, referência Siemens, GE, Schneider ou equivalente | E62: und | F62: =VLOOKUP(C62,MEMÓRIA!$1:$1048576,16,0) -> 4
A63: 151302 | B63: DER-ES EDIF. | C63: 5.2.3 | D63: Mini-Disjuntor monopolar 20A, curva C, 5kA, 127/220Vca, referência Siemens, GE, Schneider ou equivalente | E63: und | F63: =VLOOKUP(C63,MEMÓRIA!$1:$1048576,16,0) -> 2
A64: 151303 | B64: DER-ES EDIF. | C64: 5.2.4 | D64: Mini-Disjuntor monopolar 25A, curva C, 5kA, 127/220Vca, referência Siemens, GE, Schneider ou equivalente | E64: und | F64: =VLOOKUP(C64,MEMÓRIA!$1:$1048576,16,0) -> 1
A65: 151326 | B65: DER-ES EDIF. | C65: 5.2.5 | D65: Mini-Disjuntor bipolar 80A, curva C, 5kA, 127/220Vca, referência Siemens, GE, Schneider ou equivalente | E65: und | F65: =VLOOKUP(C65,MEMÓRIA!$1:$1048576,16,0) -> 1
A66: 151350 | B66: DER-ES EDIF. | C66: 5.2.6 | D66: Interruptor Diferencial Bipolar DR 25A, 30mA ? 6kA, referência Siemens, Schneider, WEG ou equivalente | E66: und | F66: =VLOOKUP(C66,MEMÓRIA!$1:$1048576,16,0) -> 6
A67: 13174 | B67: ORSE | C67: 5.2.7 | D67: Dispositivo de proteção contra surto de tensão DPS 40/20kA - 175v Classe II | E67: un | F67: =VLOOKUP(C67,MEMÓRIA!$1:$1048576,16,0) -> 3
C68: 5.3 | D68: ELETRODUTOS E ACESSÓRIOS
A69: 344 | B69: ORSE | C69: 5.3.1 | D69: Bucha com arruela em liga especial zamak p/eletroduto 25mm, d=1" | E69: un | F69: =VLOOKUP(C69,MEMÓRIA!$1:$1048576,16,0) -> 3
A70: 2490 | B70: ORSE | C70: 5.3.2 | D70: Fornecimento e instalação de bucha de nylon s-7 (fischer ou similar) | E70: un | F70: =VLOOKUP(C70,MEMÓRIA!$1:$1048576,16,0) -> 38
A71: 2914 | B71: ORSE | C71: 5.3.3 | D71: Fornecimento de parafuso cabeça quadrada 16 x 250mm | E71: un | F71: =VLOOKUP(C71,MEMÓRIA!$1:$1048576,16,0) -> 38
A72: 151132 | B72: DER-ES EDIF. | C72: 5.3.4 | D72: Eletroduto flexível corrugado diâmetro 3/4", Amarelo ? Tigreflex ou equivalente | E72: m | F72: =VLOOKUP(C72,MEMÓRIA!$1:$1048576,16,0) -> 199.7
A73: 151133 | B73: DER-ES EDIF. | C73: 5.3.5 | D73: Eletroduto flexível corrugado diâmetro 1", Amarelo ? Tigreflex ou equivalente | E73: m | F73: =VLOOKUP(C73,MEMÓRIA!$1:$1048576,16,0) -> 9
A74: 151126 | B74: DER-ES EDIF. | C74: 5.3.6 | D74: Eletroduto de PVC rígido roscável, diâmetro 3/4", inclusive conexões | E74: m | F74: =VLOOKUP(C74,MEMÓRIA!$1:$1048576,16,0) -> 30.6
A75: 151128 | B75: DER-ES EDIF. | C75: 5.3.7 | D75: Eletroduto de PVC rígido roscável, diâmetro 1.1/4", inclusive conexões | E75: m | F75: =VLOOKUP(C75,MEMÓRIA!$1:$1048576,16,0) -> 0.7
A76: 151127 | B76: DER-ES EDIF. | C76: 5.3.8 | D76: Eletroduto de PVC rígido roscável, diâmetro 1", inclusive conexões | E76: m | F76: =VLOOKUP(C76,MEMÓRIA!$1:$1048576,16,0) -> 1
A77: 151130 | B77: DER-ES EDIF. | C77: 5.3.9 | D77: Eletroduto de PVC rígido roscável, diâmetro 2", inclusive conexões | E77: m | F77: =VLOOKUP(C77,MEMÓRIA!$1:$1048576,16,0) -> 46.7
A78: 151130 | B78: DER-ES EDIF. | C78: 5.3.10 | D78: Eletroduto de PVC rígido roscável, diâmetro 2", inclusive conexões | E78: m | F78: =VLOOKUP(C78,MEMÓRIA!$1:$1048576,16,0) -> 1
A79: 150628 | B79: DER-ES EDIF. | C79: 5.3.11 | D79: Caixa de embutir marca de referência Tigreflex, 4x2" | E79: und | F79: =VLOOKUP(C79,MEMÓRIA!$1:$1048576,16,0) -> 23
A80: 91937 | B80: SINAPI | C80: 5.3.12 | D80: CAIXA OCTOGONAL 3" X 3", PVC, INSTALADA EM LAJE - FORNECIMENTO E INSTALAÇÃO. AF_03/2023 | E80: UN | F80: =VLOOKUP(C80,MEMÓRIA!$1:$1048576,16,0) -> 23
... A89: 151507 | B89: DER-ES EDIF. | C89: 5.3.21 | D89: Sapatilha | E89: und | F89: =VLOOKUP(C89,MEMÓRIA!$1:$1048576,16,0) -> 1
C90: 5.4 | D90: CABOS E FIOS (CONDUTORES)
A91: 91924 | B91: SINAPI | C91: 5.4.1 | D91: CABO DE COBRE FLEXÍVEL ISOLADO, 1,5 MM², ANTI-CHAMA 450/750 V, PARA CIRCUITOS TERMINAIS - FORNECIMENTO E INSTALAÇÃO. AF_03/2023 | E91: M | F91: =VLOOKUP(C91,MEMÓRIA!$1:$1048576,16,0) -> 314
A92: 151402 | B92: DER-ES EDIF. | C92: 5.4.2 | D92: Cabo de cobre termoplástico (PVC) flexível isolado 450/750V, antichama BWF livre de chumbo, 70ºC - 2,5mm2 | E92: m | F92: =VLOOKUP(C92,MEMÓRIA!$1:$1048576,16,0) -> 215.2
A93: 151403 | B93: DER-ES EDIF. | C93: 5.4.3 | D93: Cabo de cobre termoplástico (PVC) flexível isolado 450/750V, antichama BWF livre de chumbo, 70ºC ? 4,0mm2 | E93: m | F93: =VLOOKUP(C93,MEMÓRIA!$1:$1048576,16,0) -> 218.9
A94: 91930 | B94: SINAPI | C94: 5.4.4 | D94: CABO DE COBRE FLEXÍVEL ISOLADO, 6 MM², ANTI-CHAMA 450/750 V, PARA CIRCUITOS TERMINAIS - FORNECIMENTO E INSTALAÇÃO. AF_03/2023 | E94: M | F94: =VLOOKUP(C94,MEMÓRIA!$1:$1048576,16,0) -> 138
A95: 151423 | B95: DER-ES EDIF. | C95: 5.4.5 | D95: Cabo de cobre termoplástico (PVC) flexível isolado 0,60/1kV, antichama, HEPR 90ºC ? 35,0mm2 | E95: m | F95: =VLOOKUP(C95,MEMÓRIA!$1:$1048576,16,0) -> 142.2
C96: 5.5 | D96: TOMADAS E INTERRUPTORES
A97: 180204 | B97: DER-ES EDIF. | C97: 5.5.1 | D97: Interruptor de uma tecla simples 10A/250V, com placa 4x2" | E97: und | F97: =VLOOKUP(C97,MEMÓRIA!$1:$1048576,16,0) -> 17
A98: 180206 | B98: DER-ES EDIF. | C98: 5.5.2 | D98: Interruptor de uma tecla paralelo 10A/250V, com placa 4x2" | E98: und | F98: =VLOOKUP(C98,MEMÓRIA!$1:$1048576,16,0) -> 2
A99: 180201 | B99: DER-ES EDIF. | C99: 5.5.3 | D99: Tomada padrão brasileiro linha branca, NBR 14136 2 polos + terra 10A/250V, com placa 4x2" | E99: und | F99: =VLOOKUP(C99,MEMÓRIA!$1:$1048576,16,0) -> 14
A100: 180202 | B100: DER-ES EDIF. | C100: 5.5.4 | D100: Tomada padrão brasileiro linha branca, NBR 14136 2 polos + terra 20A/250V, com placa 4x2" | E100: und | F100: =VLOOKUP(C100,MEMÓRIA!$1:$1048576,16,0) -> 2
C101: 5.6 | D101: ILUMINAÇÃO
A102: 13177 | B102: ORSE | C102: 5.6.1 | D102: Luminária sobrepor quadrada Led 40W*, 6500K G- Light ou similar | E102: un | F102: =VLOOKUP(C102,MEMÓRIA!$1:$1048576,16,0) -> 15
A103: 103782 | B103: SINAPI | C103: 5.6.2 | D103: LUMINÁRIA TIPO PLAFON CIRCULAR, DE SOBREPOR, COM LED DE 12/13 W - FORNECIMENTO E INSTALAÇÃO. AF_03/2022 | E103: UN | F103: =VLOOKUP(C103,MEMÓRIA!$1:$1048576,16,0) -> 8
A104: 12870 | B104: ORSE | C104: 5.6.3 | D104: Refletor TR Led, corpo em aluminio, vidro temperado, potencia 30W, bivolt, te mp.cor 3000K/6000k, IP-65, da Taschibra ou similar | E104: un | F104: =VLOOKUP(C104,MEMÓRIA!$1:$1048576,16,0) -> 2
A105: =_xlfn.CONCAT("SUB - TOTAL ",D56) -> SUB - TOTAL INSTALAÇÕES ELÉTRICAS | I105: =SUM(I56:I104) -> 0
C107: 6.0 | D107: CABEAMENTO ESTRUTURADO | J107: =I120 -> 0
A108: 160807 | B108: DER-ES EDIF. | C108: 6.1 | D108: Conector RJ 45 macho | E108: und | F108: =VLOOKUP(C108,MEMÓRIA!$1:$1048576,16,0) -> 5
A109: 98302 | B109: SINAPI | C109: 6.2 | D109: PATCH PANEL 24 PORTAS, CATEGORIA 6 - FORNECIMENTO E INSTALAÇÃO. AF_11/2019 | E109: UN | F109: =VLOOKUP(C109,MEMÓRIA!$1:$1048576,16,0) -> 1
A110: 160864 | B110: DER-ES EDIF. | C110: 6.3 | D110: Switch 24 portas RJ-45 10/100 + 2 10/100/1000, inclusive fixação em Rack 19" | E110: und | F110: =VLOOKUP(C110,MEMÓRIA!$1:$1048576,16,0) -> 1
A111: 160828 | B111: DER-ES EDIF. | C111: 6.4 | D111: Guia de Cabos Vertical para Rack Aberto Padrão 19" - 44 U´s x 1940 x 50mm | E111: und | F111: =VLOOKUP(C111,MEMÓRIA!$1:$1048576,16,0) -> 1
A112: 160811 | B112: DER-ES EDIF. | C112: 6.5 | D112: Fornecimento e instalação de Mini Rack de Parede Padrão 19" - 12 U´s x 570mm | E112: und | F112: =VLOOKUP(C112,MEMÓRIA!$1:$1048576,16,0) -> 1
A113: 160825 | B113: DER-ES EDIF. | C113: 6.6 | D113: Guia de Cabos Fechado Horizontal Padrão 19" - 1 U´s, inclusive fixação em Rack 19" | E113: und | F113: =VLOOKUP(C113,MEMÓRIA!$1:$1048576,16,0) -> 1
A114: 150628 | B114: DER-ES EDIF. | C114: 6.7 | D114: Caixa de embutir marca de referência Tigreflex, 4x2" | E114: und | F114: =VLOOKUP(C114,MEMÓRIA!$1:$1048576,16,0) -> 7
...

Sheet CRON
A4: PROJETO: VISCONDE DE INHAUMA | H4: BDI: 34,71% | BDI Diferenc. : 15,57%
A5: LOCAL: Rua 25 de Março, 186, Santo Antônio do Canaâ, CEP 29654-00, Santa Teresa-ES | H5: REF: DER-ES EDIF. (jan-24). SINAPI (jan-24). DER-ES ROD. (jan-23). SCO-RIO (jan-24). ORSE (jan-24).
A6: ÁREA: | B6: 1112.79 | H6: Data Base: jan-24
A7: CRONOGRAMA FÍSICO - FINANCEIRO
A8: ITEM | B8: DISCRIMINAÇÃO DOS SERVIÇOS | C8: REPASSE | D8: VALOR DAS OBRAS | E8: 1º MÊS (%) | F8: 2º MÊS (%) | G8: 3º MÊS (%) | H8: 4º MÊS (%) | I8: 5º MÊS (%)
A9: 1.0 | B9: =VLOOKUP(A9,ORÇ!C:K,2,0) -> INSTALAÇÃO MANUT. CANTEIRO MOB., DESMOB. E PLACA DE OBRA | C9: R$ | D9: =VLOOKUP(A9,ORÇ!C:Z,8,0) -> 0 | E9: =E12+E15+E18+E21 -> 0 | F9: =F12+F15+F18+F21 -> 0 | G9: =G12+G15+G18+G21 -> 0 | H9: =H12+H15+H18+H21 -> 0 | I9: =I12+I15+I18+I21 -> 0 | M9: =D9 -> 0
C11: % | E11: =E9/$D$9 -> #DIV/0! | F11: =F9/$D$9 -> #DIV/0! | G11: =G9/$D$9 -> #DIV/0! | H11: =H9/$D$9 -> #DIV/0! | I11: =I9/$D$9 -> #DIV/0! | J11: 0 | K11: 1 | L11: =SUM(E11:J11) -> #DIV/0!
A12: 1.1 | B12: =VLOOKUP(A12,ORÇ!C:K,2,0) -> Placa de obra nas dimensões de 2.0 x 4.0 m, padrão DER | C12: R$ | D12: =VLOOKUP(A12,ORÇ!C:Z,7,0) -> 0 | E12: =E14*$M12 -> 0 | M12: =D12 -> 0
C14: % | E14: 1 | J14: 0 | K14: 1 | L14: =SUM(E14:J14) -> 1
A15: 1.2 | B15: =VLOOKUP(A15,ORÇ!C:K,2,0) -> Tapume Telha Metálica Ondulada em aço galvalume 0,50mm Branca h=2,20m, incl. montagem estr. mad. 8"x8", c/adesivo "DER-ES" 60x60cm a cada 10m, incl. faixas pint. esmalte sint. cores azul c/ h=30cm e rosa c/ h=10cm (Reaproveitamento 2x) | C15: R$ | D15: =VLOOKUP(A15,ORÇ!C:Z,7,0) -> 0 | E15: =E17*$M15 -> 0 | M15: =D15 -> 0
C17: % | E17: 1 | J17: 0 | K17: 1 | L17: =SUM(E17:J17) -> 1
A18: 1.3 | B18: =VLOOKUP(A18,ORÇ!C:K,2,0) -> Aluguel mensal container para escritório, dim. 6.00x2.40m, c/ banheiro (vaso+lavat+chuveiro e básc), incl. porta, 2 janelas, abert p/ ar cond., 2 pt iluminação, 2 tom. elét. e 1 tom.telef. Isolam.térmico(teto e paredes), piso em comp. Naval, cert. NR18, incl. laudo descontaminação. | C18: R$ | D18: =VLOOKUP(A18,ORÇ!C:Z,7,0) -> 0 | E18: =E20*$M18 -> 0 | F18: =F20*$M18 -> 0 | G18: =G20*$M18 -> 0 | H18: =H20*$M18 -> 0 | I18: =I20*$M18 -> 0 | M18: =D18 -> 0
C20: % | E20: 0.2 | F20: 0.2 | G20: 0.2 | H20: 0.2 | I20: 0.2 | J20: 0 | K20: 1 | L20: =SUM(E20:J20) -> 1
A21: 1.4 | B21: =VLOOKUP(A21,ORÇ!C:K,2,0) -> Mobilização e desmobilização de conteiner locado para barracão de obra | C21: R$ | D21: =VLOOKUP(A21,ORÇ!C:Z,7,0) -> 0 | E21: =E23*$M21 -> 0 | F21: =F23*$M21 -> 0 | G21: =G23*$M21 -> 0 | H21: =H23*$M21 -> 0 | I21: =I23*$M21 -> 0 | M21: =D21 -> 0
C23: % | E23: 0.2 | F23: 0.2 | G23: 0.2 | H23: 0.2 | I23: 0.2 | J23: 0 | K23: 1 | L23: =SUM(E23:J23) -> 1
A24: 2.0 | B24: =VLOOKUP(A24,ORÇ!C:K,2,0) -> SERVIÇOS PRELIMINARES | C24: R$ | D24: =VLOOKUP(A24,ORÇ!C:Z,8,0) -> 0 | E24: =E26*$M24 -> 0 | F24: =F26*$M24 -> 0 | M24: =D24 -> 0
C26: % | E26: 0.2 | F26: 0.8 | J26: 0 | K26: 1 | L26: =SUM(E26:J26) -> 1
A27: 2.1 | B27: =VLOOKUP(A27,ORÇ!C:K,2,0) -> Demolição de piso revestido com cerâmica inclusive lastro de concreto | C27: R$ | D27: =VLOOKUP(A27,ORÇ!C:Z,7,0) -> 0 | E27: =E29*$M27 -> 0 | F27: =F29*$M27 -> 0 | M27: =D27 -> 0
C29: % | E29: 0.2 | F29: 0.8 | J29: 0 | K29: 1 | L29: =SUM(E29:J29) -> 1
A30: 2.2 | B30: =VLOOKUP(A30,ORÇ!C:K,2,0) -> Demolição de estrutura de madeira para telhado | C30: R$ | D30: =VLOOKUP(A30,ORÇ!C:Z,7,0) -> 0 | E30: =E32*$M30 -> 0 | F30: =F32*$M30 -> 0 | M30: =D30 -> 0
C32: % | E32: 0.2 | F32: 0.8 | J32: 0 | K32: 1 | L32: =SUM(E32:J32) -> 1
A33: 2.3 | B33: =VLOOKUP(A33,ORÇ!C:K,2,0) -> DEMOLIÇÃO DE ALVENARIA DE BLOCO FURADO, DE FORMA MANUAL, SEM REAPROVEITAMENTO. AF_09/2023 | C33: R$ | D33: =VLOOKUP(A33,ORÇ!C:Z,7,0) -> 0 | E33: =E35*$M33 -> 0 | F33: =F35*$M33 -> 0 | M33: =D33 -> 0
C35: % | E35: 0.2 | F35: 0.8 | J35: 0 | K35: 1 | L35: =SUM(E35:J35) -> 1
A36: 2.4 | B36: =VLOOKUP(A36,ORÇ!C:K,2,0) -> DEMOLIÇÃO DE PILARES E VIGAS EM CONCRETO ARMADO, DE FORMA MECANIZADA COM MARTELETE, SEM REAPROVEITAMENTO. AF_09/2023 | C36: R$ | D36: =VLOOKUP(A36,ORÇ!C:Z,7,0) -> 0 | E36: =E38*$M36 -> 0 | F36: =F38*$M36 -> 0 | M36: =D36 -> 0
C38: % | E38: 0.2 | F38: 0.8 | J38: 0 | K38: 1 | L38: =SUM(E38:J38) -> 1
A39: 2.5 | B39: =VLOOKUP(A39,ORÇ!C:K,2,0) -> DEMOLIÇÃO DE LAJES, EM CONCRETO ARMADO, DE FORMA MECANIZADA COM MARTELETE, SEM REAPROVEITAMENTO. AF_09/2023 | C39: R$ | D39: =VLOOKUP(A39,ORÇ!C:Z,7,0) -> 0 | E39: =E41*$M39 -> 0 | F39: =F41*$M39 -> 0 | M39: =D39 -> 0
C41: % | E41: 0.2 | F41: 0.8 | J41: 0 | K41: 1 | L41: =SUM(E41:J41) -> 1
A42: 2.6 | B42: =VLOOKUP(A42,ORÇ!C:K,2,0) -> Remoção de telhamento com telhas cerâmicas | C42: R$ | D42: =VLOOKUP(A42,ORÇ!C:Z,7,0) -> 0 | E42: =E44*$M42 -> 0 | F42: =F44*$M42 -> 0 | M42: =D42 -> 0
C44: % | E44: 0.2 | F44: 0.8 | J44: 0 | K44: 1 | L44: =SUM(E44:J44) -> 1
A45: 2.7 | B45: =VLOOKUP(A45,ORÇ!C:K,2,0) -> Retirada de meio-fio de concreto | C45: R$ | D45: =VLOOKUP(A45,ORÇ!C:Z,7,0) -> 0 | E45: =E47*$M45 -> 0 | F45: =F47*$M45 -> 0 | M45: =D45 -> 0
C47: % | E47: 0.2 | F47: 0.8 | J47: 0 | K47: 1 | L47: =SUM(E47:J47) -> 1
A48: 2.8 | B48: =VLOOKUP(A48,ORÇ!C:K,2,0) -> Demolição manual de concreto simples (EMOP 05.001.001) | C48: R$ | D48: =VLOOKUP(A48,ORÇ!C:Z,7,0) -> 0 | E48: =E50*$M48 -> 0 | F48: =F50*$M48 -> 0 | M48: =D48 -> 0
C50: % | E50: 0.2 | F50: 0.8 | J50: 0 | K50: 1 | L50: =SUM(E50:J50) -> 1
A51: 2.9 | B51: =VLOOKUP(A51,ORÇ!C:K,2,0) -> Restauro - Reboco especial de parede, spessura 3cm, com argamassa traço 1:0,2 4:0,74 ( cal, arenoso e areia média) | C51: R$ | D51: =VLOOKUP(A51,ORÇ!C:Z,7,0) -> 0 | E51: =E53*$M51 -> 0 | F51: =F53*$M51 -> 0 | M51: =D51 -> 0
C53: % | E53: 0.2 | F53: 0.8 | J53: 0 | K53: 1 | L53: =SUM(E53:J53) -> 1
A54: 2.10 | B54: =VLOOKUP(A54,ORÇ!C:K,2,0) -> Índice de preço para remoção de entulho decorrente da execução de obras (Classe A CONAMA - NBR 10.004 - Classe II-B), incluindo aluguel da caçamba, carga, transporte e descarga em área licenciada | C54: R$ | D54: =VLOOKUP(A54,ORÇ!C:Z,7,0) -> 0 | E54: =E56*$M54 -> 0 | F54: =F56*$M54 -> 0 | M54: =D54 -> 0
C56: % | E56: 0.2 | F56: 0.8 | J56: 0 | K56: 1 | L56: =SUM(E56:J56) -> 1
A57: 3.0 | B57: =VLOOKUP(A57,ORÇ!C:K,2,0) -> ESTRUTURA | C57: R$ | D57: =VLOOKUP(A57,ORÇ!C:Z,8,0) -> 0 | F57: =F59*$M57 -> 0 | M57: =D57 -> 0
C59: % | F59: 1 | J59: 0 | K59: 1 | L59: =SUM(E59:I59) -> 1
A60: 3.1 | B60: =VLOOKUP(A60,ORÇ!C:K,2,0) -> Locação de obra com gabarito de madeira | C60: R$ | D60: =VLOOKUP(A60,ORÇ!C:Z,7,0) -> 0 | F60: =F62*$M60 -> 0 | M60: =D60 -> 0
C62: % | F62: 1 | J62: 0 | K62: 1 | L62: =SUM(E62:J62) -> 1
A63: 3.2 | B63: =VLOOKUP(A63,ORÇ!C:K,2,0) -> Escavação manual em material de 1a. categoria, até 1.50 m de profundidade | C63: R$ | D63: =VLOOKUP(A63,ORÇ!C:Z,7,0) -> 0 | F63: =F65*$M63 -> 0 | M63: =D63 -> 0
C65: % | F65: 1 | J65: 0 | K65: 1 | L65: =SUM(E65:J65) -> 1
A66: 3.3 | B66: =VLOOKUP(A66,ORÇ!C:K,2,0) -> Apiloamento do fundo de vala com maço de 30 a 60kg | C66: R$ | D66: =VLOOKUP(A66,ORÇ!C:Z,7,0) -> 0 | F66: =F68*$M66 -> 0 | M66: =D66 -> 0
C68: % | F68: 1 | J68: 0 | K68: 1 | L68: =SUM(E68:J68) -> 1
A69: 3.4 | B69: =VLOOKUP(A69,ORÇ!C:K,2,0) -> Lastro de brita graduada apiloada e=10cm | C69: R$ | D69: =VLOOKUP(A69,ORÇ!C:Z,7,0) -> 0 | F69: =F71*$M69 -> 0 | M69: =D69 -> 0
C71: % | F71: 1 | J71: 0 | K71: 1 | L71: =SUM(E71:J71) -> 1
A72: 3.5 | B72: =VLOOKUP(A72,ORÇ!C:K,2,0) -> CAMADA SEPARADORA PARA EXECUÇÃO DE RADIER, PISO DE CONCRETO OU LAJE SOBRE SOLO, EM LONA PLÁSTICA. AF_09/2021 | C72: R$ | D72: =VLOOKUP(A72,ORÇ!C:Z,7,0) -> 0 | F72: =F74*$M72 -> 0 | M72: =D72 -> 0
C74: % | F74: 1 | J74: 0 | K74: 1 | L74: =SUM(E74:J74) -> 1
A75: 3.6 | B75: =VLOOKUP(A75,ORÇ!C:K,2,0) -> ARMAÇÃO PARA EXECUÇÃO DE RADIER, PISO DE CONCRETO OU LAJE SOBRE SOLO, COM USO DE TELA Q-92. AF_09/2021 | C75: R$ | D75: =VLOOKUP(A75,ORÇ!C:Z,7,0) -> 0 | F75: =F77*$M75 -> 0 | M75: =D75 -> 0
C77: % | F77: 1 | J77: 0 | K77: 1 | L77: =SUM(E77:J77) -> 1
A78: 3.7 | B78: =VLOOKUP(A78,ORÇ!C:K,2,0) -> Fornecimento, preparo e aplicação de concreto magro com consumo mínimo de cimento de 250 kg/m3 (brita 1 e 2) - (5% de perdas já incluído no custo) | C78: R$ | D78: =VLOOKUP(A78,ORÇ!C:Z,7,0) -> 0 | F78: =F80*$M78 -> 0 | M78: =D78 -> 0
C80: % | F80: 1 | J80: 0 | K80: 1 | L80: =SUM(E80:J80) -> 1
A81: 3.8 | B81: =VLOOKUP(A81,ORÇ!C:K,2,0) -> Fornecimento, dobragem e colocação em fôrma, de armadura CA-50 A média, diâmetro de 6.3 a 10.0 mm | C81: R$ | D81: =VLOOKUP(A81,ORÇ!C:Z,7,0) -> 0 | F81: =F83*$M81 -> 0 | M81: =D81 -> 0
C83: % | F83: 1 | J83: 0 | K83: 1 | L83: =SUM(E83:J83) -> 1
A84: 3.9 | B84: =VLOOKUP(A84,ORÇ!C:K,2,0) -> Fornecimento, dobragem e colocação em fôrma, de armadura CA-50 A grossa diâmetro de 12.5 a 25.0 mm (1/2 a 1") | C84: R$ | D84: =VLOOKUP(A84,ORÇ!C:Z,7,0) -> 0 | F84: =F86*$M84 -> 0 | M84: =D84 -> 0
C86: % | F86: 1 | J86: 0 | K86: 1 | L86: =SUM(E86:J86) -> 1
A87: 3.10 | B87: =VLOOKUP(A87,ORÇ!C:K,2,0) -> Fornecimento, dobragem e colocação em fôrma, de armadura CA-60 B fina, diâmetro de 4.0 a 7.0mm | C87: R$ | D87: =VLOOKUP(A87,ORÇ!C:Z,7,0) -> 0 | F87: =F89*$M87 -> 0 | M87: =D87 -> 0
C89: % | F89: 1 | J89: 0 | K89: 1 | L89: =SUM(E89:J89) -> 1
A90: 3.11 | B90: =VLOOKUP(A90,ORÇ!C:K,2,0) -> Fôrma em chapa de madeira compensada plastificada 12mm para estrutura em geral, 5 reaproveitamentos, reforçada com sarrafos de madeira 2.5x10cm (incl material, corte, montagem, escoras em eucalipto e desforma) | C90: R$ | D90: =VLOOKUP(A90,ORÇ!C:Z,7,0) -> 0 | F90: =F92*$M90 -> 0 | M90: =D90 -> 0
C92: % | F92: 1 | J92: 0 | K92: 1 | L92: =SUM(E92:J92) -> 1
A93: 3.12 | B93: =VLOOKUP(A93,ORÇ!C:K,2,0) -> Fornecimento, preparo e aplicação de concreto Fck=25 MPa (brita 1 e 2) - (5% de perdas já incluído no custo) | C93: R$ | D93: =VLOOKUP(A93,ORÇ!C:Z,7,0) -> 0 | F93: =F95*$M93 -> 0 | M93: =D93 -> 0
C95: % | F95: 1 | J95: 0 | K95: 1 | L95: =SUM(E95:J95) -> 1
A96: 3.13 | B96: =VLOOKUP(A96,ORÇ!C:K,2,0) -> Laje pré-fabricada treliçada, h =8cm, inclusive escoramento | C96: R$ | D96: =VLOOKUP(A96,ORÇ!C:Z,7,0) -> 0 | F96: =F98*$M96 -> 0 | M96: =D96 -> 0
C98: % | F98: 1 | J98: 0 | K98: 1 | L98: =SUM(E98:J98) -> 1
A99: 3.14 | B99: =VLOOKUP(A99,ORÇ!C:K,2,0) -> Pintura impermeabilizante com igolflex ou equivalente a 3 demãos | C99: R$ | D99: =VLOOKUP(A99,ORÇ!C:Z,7,0) -> 0 | F99: =F101*$M99 -> 0 | M99: =D99 -> 0
C101: % | F101: 1 | J101: 0 | K101: 1 | L101: =SUM(E101:J101) -> 1
A102: 4.0 | B102: =VLOOKUP(A102,ORÇ!C:K,2,0) -> SISTEMA DE VEDAÇÃO VERTICAL E COBERTURA | C102: R$ | D102: =VLOOKUP(A102,ORÇ!C:Z,8,0) -> 0 | F102: =F104*$M102 -> 0 | G102: =G104*$M102 -> 0 | M102: =D102 -> 0
C104: % | F104: 0.2 | G104: 0.8 | J104: 0 | K104: 1 | L104: =SUM(E104:J104) -> 1
A105: 4.1 | B105: =VLOOKUP(A105,ORÇ!C:K,2,0) -> Alvenaria de blocos cerâmicos 10 furos 10x20x20cm, assentados c/argamassa de cimento, cal hidratada CH1 e areia traço 1:0,5:8, esp. das juntas 12mm e esp. das paredes s/revestimento, 10cm (bloco comprado na fábrica, posto obra) | C105: R$ | D105: =VLOOKUP(A105,ORÇ!C:Z,7,0) -> 0 | F105: =F107*$M105 -> 0 | G105: =G107*$M105 -> 0 | M105: =D105 -> 0
C107: % | F107: 0.2 | G107: 0.8 | J107: 0 | K107: 1 | L107: =SUM(E107:J107) -> 1
A108: 4.2 | B108: =VLOOKUP(A108,ORÇ!C:K,2,0) -> Verga/contraverga reta de concreto armado 10 x 5 cm, Fck = 15 MPa, inclusive forma, armação e desforma | C108: R$ | D108: =VLOOKUP(A108,ORÇ!C:Z,7,0) -> 0 | F108: =F110*$M108 -> 0 | G108: =G110*$M108 -> 0 | M108: =D108 -> 0
C110: % | F110: 0.2 | G110: 0.8 | J110: 0 | K110: 1 | L110: =SUM(E110:J110) -> 1
A111: 4.3 | B111: =VLOOKUP(A111,ORÇ!C:K,2,0) -> Estrutura de madeira de lei tipo Paraju, peroba mica, angelim pedra ou equivalente para telhado de telha cerâmica tipo capa e canal, com pontaletes, terças, caibros e ripas, inclusive tratamento com cupinicida, exclusive telhas | C111: R$ | D111: =VLOOKUP(A111,ORÇ!C:Z,7,0) -> 0 | F111: =F113*$M111 -> 0 | G111: =G113*$M111 -> 0 | M111: =D111 -> 0
C113: % | F113: 0.2 | G113: 0.8 | J113: 0 | K113: 1 | L113: =SUM(E113:J113) -> 1
A114: 4.4 | B114: =VLOOKUP(A114,ORÇ!C:K,2,0) -> Cobertura nova de telhas cerâmicas tipo capa e canal inclusive cumeeiras (telhas compradas na fábrica, posto obra) | C114: R$ | D114: =VLOOKUP(A114,ORÇ!C:Z,7,0) -> 0 | F114: =F116*$M114 -> 0 | G114: =G116*$M114 -> 0 | M114: =D114 -> 0
C116: % | F116: 0.2 | G116: 0.8 | J116: 0 | K116: 1 | L116: =SUM(E116:J116) -> 1
A117: 4.5 | B117: =VLOOKUP(A117,ORÇ!C:K,2,0) -> INSTALAÇÃO DE PERGOLADO DE MADEIRA, EM MAÇARANDUBA, ANGELIM OU EQUIVALENTE DA REGIÃO, FIXADO COM CONCRETO SOBRE PISO DE CONCRETO EXISTENTE. AF_11/2021 | C117: R$ | D117: =VLOOKUP(A117,ORÇ!C:Z,7,0) -> 0 | F117: =F119*$M117 -> 0 | G117: =G119*$M117 -> 0 | M117: =D117 -> 0
C119: % | F119: 0.2 | G119: 0.8 | J119: 0 | K119: 1 | L119: =SUM(E119:J119) -> 1
A120: 4.6 | B120: =VLOOKUP(A120,ORÇ!C:K,2,0) -> Fornecimento e instalação de chapas de policarbonato, e=8mm em toldo/cobertur a/fechamento/etc - Rev 01 | C120: R$ | D120: =VLOOKUP(A120,ORÇ!C:Z,7,0) -> 0 | F120: =F122*$M120 -> 0 | G120: =G122*$M120 -> 0 | M120: =D120 -> 0
C122: % | F122: 0.2 | G122: 0.8 | J122: 0 | K122: 1 | L122: =SUM(E122:J122) -> 1
A123: 4.7 | B123: =VLOOKUP(A123,ORÇ!C:K,2,0) -> Madeiramento em pau d´arco, pilar com 20x20cm, aparelhado | C123: R$ | D123: =VLOOKUP(A123,ORÇ!C:Z,7,0) -> 0 | F123: =F125*$M123 -> 0 | G123: =G125*$M123 -> 0 | M123: =D123 -> 0
C125: % | F125: 0.2 | G125: 0.8 | J125: 0 | K125: 1 | L125: =SUM(E125:J125) -> 1
A126: 4.8 | B126: =VLOOKUP(A126,ORÇ!C:K,2,0) -> Calha em chapa galvanizada com largura de 40 cm | C126: R$ | D126: =VLOOKUP(A126,ORÇ!C:Z,7,0) -> 0 | F126: =F128*$M126 -> 0 | G126: =G128*$M126 -> 0 | M126: =D126 -> 0
C128: % | F128: 0.2 | G128: 0.8 | J128: 0 | K128: 1 | L128: =SUM(E128:J128) -> 1
A129: 5.0 | B129: =VLOOKUP(A129,ORÇ!C:K,2,0) -> INSTALAÇÕES ELÉTRICAS | C129: R$ | D129: =VLOOKUP(A129,ORÇ!C:Z,8,0) -> 0 | G129: =G131*$M129 -> 0 | H129: =H131*$M129 -> 0 | M129: =D129 -> 0
C131: % | G131: 0.2 | H131: 0.8 | J131: 0 | K131: 1 | L131: =SUM(E131:J131) -> 1
A132: 5.1 | B132: =VLOOKUP(A132,ORÇ!C:K,2,0) -> SUBESTAÇÃO E QUADROS DE DISTRIBUIÇÃO | C132: R$ | D132: =SUM(D135:D140) -> 0 | G132: =G134*$M132 -> 0 | H132: =H134*$M132 -> 0 | M132: =D132 -> 0
C134: % | G134: 0.2 | H134: 0.8 | J134: 0 | K134: 1 | L134: =SUM(E134:J134) -> 1
A135: 5.1.1 | B135: =VLOOKUP(A135,ORÇ!C:K,2,0) -> QUADRO DE MEDIÇÃO GERAL DE ENERGIA PARA 1 MEDIDOR DE SOBREPOR - FORNECIMENTO E INSTALAÇÃO. AF_10/2020 | C135: R$ | D135: =VLOOKUP(A135,ORÇ!C:Z,7,0) -> 0 | G135: =G137*$M135 -> 0 | H135: =H137*$M135 -> 0 | M135: =D135 -> 0
C137: % | G137: 0.2 | H137: 0.8 | J137: 0 | K137: 1 | L137: =SUM(E137:J137) -> 1
A138: 5.1.2 | B138: =VLOOKUP(A138,ORÇ!C:K,2,0) -> Quadro distrib. energia, embutido ou semi embutido, capac. p/ 28 disj. DIN, c/barram trif. 100A barra. neutro e terra, fab. em chapa de aço 12 USG com porta, espelho, trinco com fechad ch yale, Ref. QDTN II-28DIN-CEMAR ou equiv. | C138: R$ | D138: =VLOOKUP(A138,ORÇ!C:Z,7,0) -> 0 | G138: =G140*$M138 -> 0 | H138: =H140*$M138 -> 0 | M138: =D138 -> 0
C140: % | G140: 0.2 | H140: 0.8 | J140: 0 | K140: 1 | L140: =SUM(E140:J140) -> 1
A141: 5.2 | B141: =VLOOKUP(A141,ORÇ!C:K,2,0) -> DISJUNTORES | C141: R$ | D141: =SUM(D144:D164) -> 0 | G141: =G143*$M141 -> 0 | H141: =H143*$M141 -> 0 | M141: =D141 -> 0
C143: % | G143: 0.2 | H143: 0.8 | J143: 0 | K143: 1 | L143: =SUM(E143:J143) -> 1
A144: 5.2.1 | B144: =VLOOKUP(A144,ORÇ!C:K,2,0) -> Mini-Disjuntor monopolar 10A, curva C, 5kA, 127/220Vca, referência Siemens, GE, Schneider ou equivalente | C144: R$ | D144: =VLOOKUP(A144,ORÇ!C:Z,7,0) -> 0 | G144: =G146*$M144 -> 0 | H144: =H146*$M144 -> 0 | M144: =D144 -> 0
C146: % | G146: 0.2 | H146: 0.8 | J146: 0 | K146: 1 | L146: =SUM(E146:J146) -> 1
A147: 5.2.2 | B147: =VLOOKUP(A147,ORÇ!C:K,2,0) -> Mini-Disjuntor bipolar 16A, curva C, 5kA, 127/220Vca, referência Siemens, GE, Schneider ou equivalente | C147: R$ | D147: =VLOOKUP(A147,ORÇ!C:Z,7,0) -> 0 | G147: =G149*$M147 -> 0 | H147: =H149*$M147 -> 0 | M147: =D147 -> 0
C149: % | G149: 0.2 | H149: 0.8 | J149: 0 | K149: 1 | L149: =SUM(E149:J149) -> 1
A150: 5.2.3 | B150: =VLOOKUP(A150,ORÇ!C:K,2,0) -> Mini-Disjuntor monopolar 20A, curva C, 5kA, 127/220Vca, referência Siemens, GE, Schneider ou equivalente | C150: R$ | D150: =VLOOKUP(A150,ORÇ!C:Z,7,0) -> 0 | G150: =G152*$M150 -> 0 | H150: =H152*$M150 -> 0 | M150: =D150 -> 0
...

Sheet ABC
A2: ITEM | B2: DISCRIMINAÇÃO DO SERVIÇO | C2: UNID | D2: QTDE | E2: PREÇO UNITÁRIO (R$) COM BDI | F2: PREÇO TOTAL (R$) | G2: % | H2: % ACUM. | I2: CLASS.
A3: 8.7 | B3: Reboco tipo paulista de argamassa de cimento, cal hidratada CH1 e areia lavada traço 1:0.5:6, espessura 25 mm | C3: m2 | D3: 573.79 | G3: 0.076716999 | H3: 0.076716999 | I3: A
A4: 2.10 | B4: Índice de preço para remoção de entulho decorrente da execução de obras (Classe A CONAMA - NBR 10.004 - Classe II-B), incluindo aluguel da caçamba, carga, transporte e descarga em área licenciada | C4: m3 | D4: 425.29315 | G4: 0.066302546 | H4: 0.14301955 | I4: A
A5: 4.3 | B5: Estrutura de madeira de lei tipo Paraju, peroba mica, angelim pedra ou equivalente para telhado de telha cerâmica tipo capa e canal, com pontaletes, terças, caibros e ripas, inclusive tratamento com cupinicida, exclusive telhas | C5: m2 | D5: 140.14 | G5: 0.063899334 | H5: 0.20691888 | I5: A
A6: 3.13 | B6: Laje pré-fabricada treliçada, h =8cm, inclusive escoramento | C6: m² | D6: 229.16 | G6: 0.057221566 | H6: 0.26414045 | I6: A
A7: 3.11 | B7: Fôrma em chapa de madeira compensada plastificada 12mm para estrutura em geral, 5 reaproveitamentos, reforçada com sarrafos de madeira 2.5x10cm (incl material, corte, montagem, escoras em eucalipto e desforma) | C7: m2 | D7: 240.26 | G7: 0.048785239 | H7: 0.31292569 | I7: A
A8: 3.12 | B8: Fornecimento, preparo e aplicação de concreto Fck=25 MPa (brita 1 e 2) - (5% de perdas já incluído no custo) | C8: m3 | D8: 28.81 | G8: 0.042949631 | H8: 0.35587532 | I8: A
A9: 8.10 | B9: Pintura com tinta acrílica Suvinil, Coral ou Metalatex, inclusive selador acrílico, em paredes externas a três demãos | C9: m2 | D9: 706.79 | G9: 0.039410635 | H9: 0.39528595 | I9: A
A10: 4.4 | B10: Cobertura nova de telhas cerâmicas tipo capa e canal inclusive cumeeiras (telhas compradas na fábrica, posto obra) | C10: m2 | D10: 140.14 | G10: 0.036904008 | H10: 0.43218996 | I10: A
A11: 3.8 | B11: Fornecimento, dobragem e colocação em fôrma, de armadura CA-50 A média, diâmetro de 6.3 a 10.0 mm | C11: kg | D11: 1407.2992 | G11: 0.032138855 | H11: 0.46432881 | I11: A
A12: 3.14 | B12: Pintura impermeabilizante com igolflex ou equivalente a 3 demãos | C12: m2 | D12: 323.97 | G12: 0.031993072 | H12: 0.49632189 | I12: A
A13: 9.1 | B13: Passeio de cimentado camurçado com argamassa de cimento e areia no traço 1:3 esp. 1.5cm, e lastro de concreto com 8cm de espessura, inclusive preparo de caixa | C13: m2 | D13: 101.757 | G13: 0.031986033 | H13: 0.52830792 | I13: A
A14: 4.1 | B14: Alvenaria de blocos cerâmicos 10 furos 10x20x20cm, assentados c/argamassa de cimento, cal hidratada CH1 e areia traço 1:0,5:8, esp. das juntas 12mm e esp. das paredes s/revestimento, 10cm (bloco comprado na fábrica, posto obra) | C14: m2 | D14: 214.36 | G14: 0.028944536 | H14: 0.55725246 | I14: A
... A117: 5.3.1 | B117: Bucha com arruela em liga especial zamak p/eletroduto 25mm, d=1" | C117: un | D117: 3 | G117: 1.0100795e-05 | H117: 1 | I117: C

Sheet MEMÓRIA
A2: ITEM | B2: DESCRIÇÃO DOS SERVIÇOS PREVISTOS | C2: DESCRIÇÃO DOS PARÂMETROS UNITÁRIOS DA MEMÓRIA | M2: TOTAL | N2: UND | O2: OBSERVAÇÕES
A3: 1.0 | B3: INSTALAÇÃO MANUT. CANTEIRO MOB., DESMOB. E PLACA DE OBRA
A4: 1.1 | B4: Placa de obra nas dimensões de 2.0 x 4.0 m, padrão DER | C4: Largura (m) | D4: Altura (m) | E4: Quantidade | M4: Total | O4: Placa de Obras | P4: =M6 -> 8
C5: 4 | D5: 2 | E5: 1 | M5: =C5*D5*E5 -> 8 | N5: m2
M6: =M5 -> 8 | N6: m2
A7: 1.2 | B7: Tapume Telha Metálica Ondulada em aço galvalume 0,50mm Branca h=2,20m, incl. montagem estr. mad. 8"x8", c/adesivo "DER-ES" 60x60cm a cada 10m, incl. faixas pint. esmalte sint. cores azul c/ h=30cm e rosa c/ h=10cm (Reaproveitamento 2x) | C7: Comprimento (m) | D7: Largura (m) | E7: Perímetro (m) | M7: Total | O7: Tapume previsto para obra, contorno da obra | P7: =M9 -> 50
B8: Tapume para obra | C8: Var | D8: Var | E8: 50 | M8: =E8 -> 50 | N8: m
M9: =SUM(M8:M8) -> 50 | N9: m
A10: 1.3 | B10: Aluguel mensal container para escritório, dim. 6.00x2.40m, c/ banheiro (vaso+lavat+chuveiro e básc), incl. porta, 2 janelas, abert p/ ar cond., 2 pt iluminação, 2 tom. elét. e 1 tom.telef. Isolam.térmico(teto e paredes), piso em comp. Naval, cert. NR18, incl. laudo descontaminação. | C10: Quantidade | D10: Meses | M10: Total | O10: Quantitativos previstos de acordo com o layout do Canteiro apresentado | P10: =M12 -> 5
C11: 1 | D11: 5 | M11: =C11*D11 -> 5 | N11: ms
M12: =M11 -> 5 | N12: ms
A13: 1.4 | B13: Mobilização e desmobilização de conteiner locado para barracão de obra | C13: Quantidade | D13: Mobilização | E13: Desmobili. | M13: Total | O13: Quantidade de Containers previstos para o canteiro de obras | P13: =M15 -> 1
B14: Aluguel mensal container para escritório | C14: 1 | D14: 0.5 | E14: 0.5 | M14: =C14 -> 1 | N14: und
M15: =SUM(M14:M14) -> 1 | N15: und
A16: 2.0 | B16: SERVIÇOS PRELIMINARES
A17: 2.1 | B17: Demolição de piso revestido com cerâmica inclusive lastro de concreto | C17: Extensão (m) | D17: Largura (m) | M17: Total | P17: =M19 -> 79.732
C18: 12.4 | D18: 6.43 | M18: =C18*D18 -> 79.732 | N18: m2
M19: =M18 -> 79.732 | N19: m2
A20: 2.2 | B20: Demolição de estrutura de madeira para telhado | C20: Extensão (m) | D20: Largura (m) | M20: Total | P20: =M22 -> 79.732
C21: 12.4 | D21: 6.43 | M21: =C21*D21 -> 79.732 | N21: m2
M22: =SUM(M21:M21) -> 79.732 | N22: m2
A23: 2.3 | B23: DEMOLIÇÃO DE ALVENARIA DE BLOCO FURADO, DE FORMA MANUAL, SEM REAPROVEITAMENTO. AF_09/2023 | C23: Extensão (m) | D23: Largura (m) | E23: Altura (m) | M23: Total | P23: =M25 -> 16.947
C24: 12.4 | D24: 6.43 | E24: 3 | M24: =(C24*E24*0.15*2)+(D24*E24*0.15*2) -> 16.947 | N24: M3
M25: =M24 -> 16.947 | N25: M3
A26: 2.4 | B26: DEMOLIÇÃO DE PILARES E VIGAS EM CONCRETO ARMADO, DE FORMA MECANIZADA COM MARTELETE, SEM REAPROVEITAMENTO. AF_09/2023 | M26: Total | P26: =M28 -> 36.708
M27: =(12.4*2+6.43*2*0.4*2)+(12*0.15*0.3*3) -> 36.708 | N27: M3
M28: =M27 -> 36.708 | N28: M3
A29: 2.5 | B29: DEMOLIÇÃO DE LAJES, EM CONCRETO ARMADO, DE FORMA MECANIZADA COM MARTELETE, SEM REAPROVEITAMENTO. AF_09/2023 | C29: Extensão (m) | D29: Largura (m) | E29: Espessura (m) | M29: Total | P29: =M31 -> 7.9732
C30: 12.4 | D30: 6.43 | E30: 0.1 | M30: =C30*D30*E30 -> 7.9732 | N30: M3
M31: =M30 -> 7.9732 | N31: M3
A32: 2.6 | B32: Remoção de telhamento com telhas cerâmicas | C32: Extensão (m) | D32: Largura (m) | M32: Total | P32: =M34 -> 79.732
C33: 12.4 | D33: 6.43 | M33: =C33*D33 -> 79.732 | N33: m2
M34: =M33 -> 79.732 | N34: m2
A35: 2.7 | B35: Retirada de meio-fio de concreto | C35: Extensão (m) | M35: Total | P35: =M38 -> 69.01
C36: 21.46 | M36: =C36 -> 21.46 | N36: m
B37: Calçada existente | C37: 47.55 | M37: =C37 -> 47.55 | N37: m
M38: =SUM(M36:M37) -> 69.01 | N38: m
A39: 2.8 | B39: Demolição manual de concreto simples (EMOP 05.001.001) | C39: Extensão (m) | D39: Largura (m) | E39: Espessura (m) | M39: Total | P39: =M41 -> 1.7655
B40: Calçada existente | C40: 8.25 | D40: 2.14 | E40: 0.1 | M40: =C40*D40*E40 -> 1.7655 | N40: m3
M41: =M40 -> 1.7655 | N41: m3
A42: 2.9 | B42: Restauro - Reboco especial de parede, spessura 3cm, com argamassa traço 1:0,2 4:0,74 ( cal, arenoso e areia média) | C42: Extensão (m) | D42: Altura (m) | M42: Total | P42: =M44 -> 95.1
C43: 47.55 | D43: 2 | M43: =C43*D43 -> 95.1 | N43: m2
M44: =M43 -> 95.1 | N44: m2
A45: 2.10 | B45: Índice de preço para remoção de entulho decorrente da execução de obras (Classe A CONAMA - NBR 10.004 - Classe II-B), incluindo aluguel da caçamba, carga, transporte e descarga em área licenciada | M45: Total | P45: =M47 -> 425.29315
M46: =(M19+M22+M34)*1.5+(M25+M28+M31)+(M38*0.3*0.15)+M41 -> 425.29315 | N46: m3
M47: =M46 -> 425.29315 | N47: m3
A48: 3.0 | B48: ESTRUTURA
A49: 3.1 | B49: Locação de obra com gabarito de madeira | C49: Comprimento (m) | D49: Largura (m) | E49: Perímetro (m) | M49: Total | O49: Dimensões variadas de acordo com o contorno da obra. | P49: =M51 -> 105
C50: Var | D50: Var | E50: 105 | M50: =E50 -> 105 | N50: m2
M51: =SUM(M50:M50) -> 105 | N51: m2
A52: 3.2 | B52: Escavação manual em material de 1a. categoria, até 1.50 m de profundidade | C52: Extensão (m) | D52: Largura (m) | E52: Altura (m) | F52: Quantidade | M52: Total | O52: Escavação adicional de 20cm de cada lado para possibilitar a execução de formas e 10cm mais profundo para execução do lastro | P52: =M73 -> 67.463475
B53: S1=S6=S7=S8 | C53: 1.4 | D53: 1.6 | E53: 1.1 | F53: 4 | M53: =C53*D53*E53*F53 -> 9.856 | N53: m3
B54: S2=S3=S9=S10 | C54: 1.7 | D54: 1.8 | E54: 1.1 | F54: 4 | M54: =C54*D54*E54*F54 -> 13.464 | N54: m3
B55: S4=S11 | C55: 1.6 | D55: 1.7 | E55: 1.1 | F55: 2 | M55: =C55*D55*E55*F55 -> 5.984 | N55: m3
B56: S5 | C56: 1.2 | D56: 1.4 | E56: 1.1 | F56: 1 | M56: =C56*D56*E56*F56 -> 1.848 | N56: m3
B57: S12=S16=S17=S18=S19 | C57: 1 | D57: 1.1 | E57: 0.6 | F57: 5 | M57: =C57*D57*E57*F57 -> 3.3 | N57: m3
B58: S13=S14=S20=S21=S22=S23 | C58: 1 | D58: 1 | E58: 0.6 | F58: 6 | M58: =C58*D58*E58*F58 -> 3.6 | N58: m3
B59: S15 | C59: 1.5 | D59: 1.6 | E59: 0.6 | F59: 1 | M59: =C59*D59*E59*F59 -> 1.44 | N59: m3
B60: S24 | C60: 1.6 | D60: 2 | E60: 2.6 | F60: 1 | M60: =C60*D60*E60*F60 -> 8.32 | N60: m3
B61: S25 | C61: 1.2 | D61: 1.5 | E61: 2.6 | F61: 1 | M61: =C61*D61*E61*F61 -> 4.68 | N61: m3
B62: V1'-Baldrame | C62: 1.35 | D62: 0.55 | E62: 0.35 | F62: 1 | M62: =C62*D62*E62*F62 -> 0.259875 | N62: m3
B63: V1-Baldrame | C63: 13.25 | D63: 0.54 | E63: 0.4 | F63: 1 | M63: =C63*D63*E63*F63 -> 2.862 | N63: m3
B64: V2-Baldrame | C64: 13.25 | D64: 0.54 | E64: 0.4 | F64: 1 | M64: =C64*D64*E64*F64 -> 2.862 | N64: m3
... B72: V10-Baldrame | C72: 1.2 | D72: 0.55 | E72: 0.4 | F72: 1 | M72: =C72*D72*E72*F72 -> 0.264 | N72: m3
M73: =SUM(M53:M72) -> 67.463475 | N73: m3
A74: 3.3 | B74: Apiloamento do fundo de vala com maço de 30 a 60kg | C74: Extensão (m) | D74: Largura (m) | M74: Total | P74: =M95 -> 20.1811
B75: S1=S6=S7=S8 | C75: 1 | D75: 1.2 | M75: =C75*D75 -> 1.2 | N75: m2
B76: S2=S3=S9=S10 | C76: 1.3 | D76: 1.4 | M76: =C76*D76 -> 1.82 | N76: m2
B77: S4=S11 | C77: 1.2 | D77: 1.3 | M77: =C77*D77 -> 1.56 | N77: m2
B78: S5 | C78: 0.8 | D78: 1 | M78: =C78*D78 -> 0.8 | N78: m2
B79: S12=S16=S17=S18=S19 | C79: 0.6 | D79: 0.7 | M79: =C79*D79 -> 0.42 | N79: m2
B80: S13=S14=S20=S21=S22=S23 | C80: 0.6 | D80: 0.6 | M80: =C80*D80 -> 0.36 | N80: m2
B81: S15 | C81: 1.1 | D81: 1.2 | M81: =C81*D81 -> 1.32 | N81: m2
B82: S24 | C82: 1.2 | D82: 1.6 | M82: =C82*D82 -> 1.92 | N82: m2
B83: S25 | C83: 0.8 | D83: 1.1 | M83: =C83*D83 -> 0.88 | N83: m2
B84: V1'-Baldrame | C84: 1.35 | D84: 0.15 | M84: =C84*D84 -> 0.2025 | N84: m2
B85: V1-Baldrame | C85: 13.25 | D85: 0.14 | M85: =C85*D85 -> 1.855 | N85: m2
B86: V2-Baldrame | C86: 13.25 | D86: 0.14 | M86: =C86*D86 -> 1.855 | N86: m2
... B94: V10-Baldrame | C94: 1.2 | D94: 0.15 | M94: =C94*D94 -> 0.18 | N94: m2
M95: =SUM(M75:M94) -> 20.1811 | N95: m2
A96: 3.4 | B96: Lastro de brita graduada apiloada e=10cm | C96: Área (m²) | M96: Total | P96: =M98 -> 154.84
B97: Laje de piso | C97: 154.84 | M97: =C97 -> 154.84 | N97: m2
M98: =SUM(M97:M97) -> 154.84 | N98: m2
A99: 3.5 | B99: CAMADA SEPARADORA PARA EXECUÇÃO DE RADIER, PISO DE CONCRETO OU LAJE SOBRE SOLO, EM LONA PLÁSTICA. AF_09/2021 | C99: Área (m²) | M99: Total | P99: =M101 -> 154.84
B100: Laje de piso | C100: 154.84 | M100: =C100 -> 154.84 | N100: M2
M101: =SUM(M100:M100) -> 154.84 | N101: M2
A102: 3.6 | B102: ARMAÇÃO PARA EXECUÇÃO DE RADIER, PISO DE CONCRETO OU LAJE SOBRE SOLO, COM USO DE TELA Q-92. AF_09/2021 | C102: Área (m²) | D102: Peso por área (kg/m²) | M102: Total | P102: =M104 -> 229.1632
B103: Laje de piso | C103: 154.84 | D103: 1.48 | M103: =C103*D103 -> 229.1632 | N103: KG
M104: =SUM(M103:M103) -> 229.1632 | N104: KG
A105: 3.7 | B105: Fornecimento, preparo e aplicação de concreto magro com consumo mínimo de cimento de 250 kg/m3 (brita 1 e 2) - (5% de perdas já incluído no custo) | C105: Extensão (m) | D105: Largura (m) | E105: Espessura (m) | M105: Total | P105: =M126 -> 1.009055
B106: S1=S6=S7=S8 | C106: 1 | D106: 1.2 | E106: 0.05 | M106: =C106*D106*E106 -> 0.06 | N106: m3
B107: S2=S3=S9=S10 | C107: 1.3 | D107: 1.4 | E107: 0.05 | M107: =C107*D107*E107 -> 0.091 | N107: m3
B108: S4=S11 | C108: 1.2 | D108: 1.3 | E108: 0.05 | M108: =C108*D108*E108 -> 0.078 | N108: m3
B109: S5 | C109: 0.8 | D109: 1 | E109: 0.05 | M109: =C109*D109*E109 -> 0.04 | N109: m3
B110: S12=S16=S17=S18=S19 | C110: 0.6 | D110: 0.7 | E110: 0.05 | M110: =C110*D110*E110 -> 0.021 | N110: m3
B111: S13=S14=S20=S21=S22=S23 | C111: 0.6 | D111: 0.6 | E111: 0.05 | M111: =C111*D111*E111 -> 0.018 | N111: m3
B112: S15 | C112: 1.1 | D112: 1.2 | E112: 0.05 | M112: =C112*D112*E112 -> 0.066 | N112: m3
B113: S24 | C113: 1.2 | D113: 1.6 | E113: 0.05 | M113: =C113*D113*E113 -> 0.096 | N113: m3
B114: S25 | C114: 0.8 | D114: 1.1 | E114: 0.05 | M114: =C114*D114*E114 -> 0.044 | N114: m3
B115: V1'-Baldrame | C115: 1.35 | D115: 0.15 | E115: 0.05 | M115: =C115*D115*E115 -> 0.010125 | N115: m3
...

Sheet COMPS.
A1: CÓD: | B1: 200001 | C1: Laje pré-fabricada treliçada, h =8cm, inclusive escoramento
A2: DATA-BASE: | C2: DER-ES EDIF. (jan-24). | G2: UNIDADE: | H2: m² | I2: -
A3: ÓRG. | B3: CÓD. | C3: EQUIPAMENTO | D3: COND. DE TRAB. | E3: UTILIZAÇÃO | H3: CUSTO OPERACIONAL
E4: QUANT | F4: PROD | G4: IMPR | H4: PROD | I4: IMPR | J4: CUSTO
A6: ( A ) TOTAL | J6: =SUM(J4:J5) -> 0
A7: ÓRG. | B7: CÓD. | C7: MÃO DE OBRA SUPLEMENTAR | D7: UND | E7: QTDE | F7: SAL. S/ ENC. | G7: ENC. SOCIAIS | H7: SAL. C/ ENC. | J7: CUSTO HORÁRIO
A8: DER-ES EDIF. | B8: 10139 | C8: PEDREIRO (OFICIAL - SINDUSCON) | D8: H | E8: 0.37 | F8: 8.84 | G8: 157,27 % | H8: =F8*(1+G8) -> 22.742668 | J8: =ROUND(H8*E8,2) -> 8.41
A9: DER-ES EDIF. | B9: 10146 | C9: SERVENTE (AUXILIAR DE OBRAS - SINDUSCON) | D9: H | E9: 0.74 | F9: 6.56 | G9: 157,27 % | H9: =F9*(1+G9) -> 16.876912 | J9: =ROUND(H9*E9,2) -> 12.49
A10: ( B ) TOTAL | J10: =SUM(J7:J9) -> 20.9
A11: ( C ) ADICIONAL DE FERRAMENTAS MANUAIS | I11: 0.05 | J11: =ROUND(J10*I11,2) -> 1.05
A12: ( D ) PRODUÇÃO DA EQUIPE | J12: 1
A13: CUSTO UNITÁRIO DA EXECUÇÃO ( A + B + C) / D = ( E ) | J13: =ROUND((J6+J10+J11)/J12,2) -> 21.95
A14: ÓRG. | B14: CÓD. | C14: MATERIAIS | D14: UND | E14: CONSUMO | H14: CUSTO UNITÁRIO | J14: CUSTO
A15: DER-ES EDIF. | B15: 22002 | C15: LAJE PRE-FABRICADA TRELIÇADA H= 8CM - SOBRECARGA 300 KG/M2 - PARA PISO - EXCLUSIVE CAPEAMENTO | D15: M2 | E15: 1 | H15: 76.3 | J15: =ROUND(H15*E15,2) -> 76.3
A16: DER-ES EDIF. | B16: 21009 | C16: PONTALETE DE MADEIRA BRUTA DE 3ª 8.0 X 8.0 CM | D16: M | E16: 1.13 | H16: 9.74 | J16: =ROUND(H16*E16,2) -> 11.01
A17: DER-ES EDIF. | B17: 26569 | C17: PREGO 18X27 | D17: KG | E17: 0.03 | H17: 14.69 | J17: =ROUND(H17*E17,2) -> 0.44
A18: DER-ES EDIF. | B18: 20985 | C18: SARRAFO DE MADEIRA PINUS 10 X 2.5CM | D18: M | E18: 0.67 | H18: 4.08 | J18: =ROUND(H18*E18,2) -> 2.73
A19: DER-ES EDIF. | B19: 20987 | C19: TABUA DE MADEIRA PINUS 30 X 2.5 CM (TAIPA DE 1ª) | D19: M2 | E19: 0.189 | H19: 48.88 | J19: =ROUND(H19*E19,2) -> 9.24
A20: ( F ) TOTAL | J20: =SUM(J14:J19) -> 99.72
A21: ÓRG. | B21: CÓD. | C21: ATIVIDADES AUXILIARES | D21: UND | E21: CONSUMO | H21: CUSTO UNITÁRIO | J21: CUSTO
A23: ( G ) TOTAL | J23: =SUM(J21:J22) -> 0
A24: ÓRG. | B24: CÓD. | C24: TEMPO FIXO | D24: UND | E24: CONSUMO | H24: CUSTO UNITÁRIO | J24: CUSTO
J25: =ROUND(H25*E25,2) -> 0
A26: ( H ) TOTAL | J26: =SUM(J24:J25) -> 0
A27: ÓRG. | B27: CÓD. | C27: TRANSPORTE | D27: D.M.T. | F27: CONSUMO (tkm) | H27: CUSTO UNITÁRIO | J27: CUSTO
D28: XP | E28: XR
J29: =ROUND(H29*F29,2) -> 0
A30: ( I ) TOTAL | J30: =SUM(J28:J29) -> 0
A31: CUSTO DIRETO TOTAL ( E ) + ( F ) + ( G ) + ( H ) + ( I ) | J31: =J13+J20+J23+J30+J26 -> 121.67
A32: CÓD: | B32: 400001 | C32: PERGOLADO EM MADEIRA DE LEI, COBERTURA EM POLICARBONATO
A33: DATA-BASE: | C33: DER-ES EDIF. (jan-24). SINAPI (jan-24). ORSE (jan-24). | G33: UNIDADE: | H33: M | I33: -
A34: ÓRG. | B34: CÓD. | C34: EQUIPAMENTO | D34: COND. DE TRAB. | E34: UTILIZAÇÃO | H34: CUSTO OPERACIONAL
E35: QUANT | F35: PROD | G35: IMPR | H35: PROD | I35: IMPR | J35: CUSTO
A37: ( A ) TOTAL | J37: =SUM(J35:J36) -> 0
A38: ÓRG. | B38: CÓD. | C38: MÃO DE OBRA SUPLEMENTAR | D38: UND | E38: QTDE | F38: SAL. S/ ENC. | G38: ENC. SOCIAIS | H38: SAL. C/ ENC. | J38: CUSTO HORÁRIO
A39: DER-ES EDIF. | B39: 10139 | C39: PEDREIRO (OFICIAL - SINDUSCON) | D39: H | E39: 0.25 | F39: 8.84 | G39: 157,27 % | H39: =F39*(1+G39) -> 22.742668 | J39: =ROUND(H39*E39,2) -> 5.69
A40: DER-ES EDIF. | B40: 10146 | C40: SERVENTE (AUXILIAR DE OBRAS - SINDUSCON) | D40: H | E40: 0.5 | F40: 6.56 | G40: 157,27 % | H40: =F40*(1+G40) -> 16.876912 | J40: =ROUND(H40*E40,2) -> 8.44
A41: SINAPI | B41: 12868 | C41: MARCENEIRO (HORISTA) | D41: H | E41: 0.25 | F41: 10.17691 | G41: 1.1706 | H41: =F41*(1+G41) -> 22.09 | J41: =ROUND(H41*E41,2) -> 5.52
A42: ( B ) TOTAL | J42: =SUM(J38:J41) -> 19.65
A43: ( C ) ADICIONAL DE FERRAMENTAS MANUAIS | I43: 0.05 | J43: =ROUND(J42*I43,2) -> 0.98
A44: ( D ) PRODUÇÃO DA EQUIPE | J44: 1
A45: CUSTO UNITÁRIO DA EXECUÇÃO ( A + B + C) / D = ( E ) | J45: =ROUND((J37+J42+J43)/J44,2) -> 20.63
A46: ÓRG. | B46: CÓD. | C46: MATERIAIS | D46: UND | E46: CONSUMO | H46: CUSTO UNITÁRIO | J46: CUSTO
A48: ( F ) TOTAL | J48: =SUM(J46:J47) -> 0
A49: ÓRG. | B49: CÓD. | C49: ATIVIDADES AUXILIARES | D49: UND | E49: CONSUMO | H49: CUSTO UNITÁRIO | J49: CUSTO
A50: ORSE | B50: 4748 | C50: Madeiramento em massaranduba/madeira de lei, peça serrada 10cm x 20cm com abe rtura de encaixes | D50: m | E50: =(6.8+9.8+1.65+8.15+5.15)/14.95 -> 2.1103679 | H50: 152.37 | J50: =ROUND(H50*E50,2) -> 321.56
A51: ORSE | B51: 202 | C51: Madeiramento em massaranduba/madeira de lei, peça serrada 5cm x 11cm com aber tura de encaixes | D51: m | E51: 2.828 | H51: 50.15 | J51: =ROUND(H51*E51,2) -> 141.82
A52: ORSE | B52: 13060 | C52: Fornecimento e instalação de chapas de policarbonato, e=8mm em toldo/cobertur a/fechamento/etc - Rev 01 | D52: m² | E52: 1.65 | H52: 478.52 | J52: =ROUND(H52*E52,2) -> 789.56
A53: ( G ) TOTAL | J53: =SUM(J49:J52) -> 1252.94
A54: ÓRG. | B54: CÓD. | C54: TEMPO FIXO | D54: UND | E54: CONSUMO | H54: CUSTO UNITÁRIO | J54: CUSTO
J55: =ROUND(H55*E55,2) -> 0
A56: ( H ) TOTAL | J56: =SUM(J54:J55) -> 0
A57: ÓRG. | B57: CÓD. | C57: TRANSPORTE | D57: D.M.T. | F57: CONSUMO (tkm) | H57: CUSTO UNITÁRIO | J57: CUSTO
D58: XP | E58: XR
J59: =ROUND(H59*F59,2) -> 0
A60: ( I ) TOTAL | J60: =SUM(J58:J59) -> 0
A61: CUSTO DIRETO TOTAL ( E ) + ( F ) + ( G ) + ( H ) + ( I ) | J61: =J45+J48+J53+J60+J56 -> 1273.57

Sheet BDI-TCE-ES
A1: DETALHAMENTO DO BDI
A3: PROPONENTE: | B3: PREFEITURA MUNICIPAL DE SANTA TERESA
A4: OBRA: | B4: VISCONDE DE INHAUMA
A5: ENDEREÇO: | B5: Rua 25 de Março, 186, Santo Antônio do Canaâ, CEP 29654-00, Santa Teresa-ES
A7: 1. Regime de Contribuição Previdenciária
B9: Sem Desoneração
A11: 2. Tipo de Intervenção
B13: Edificações
A15: 3. Incidências sobre o custo
A17: A - | B17: Administração Central | C17: 4.06 | D17: %
A18: B - | B18: Administração Local | C18: 8.19 | D18: %
A19: D - | B19: Custos Financeiros | C19: 0.61 | D19: %
A20: E - | B20: Risco, Garantias e Seguros | C20: 1 | D20: %
A22: F - | B22: Lucro | C22: 8 | D22: %
A24: 4 – Incidências sobre o preço de venda
A26: C - | B26: Tributos | C26: 8.65 | D26: %
B28: Percentual da base de cálculo para o ISS: | C28: 100 | D28: %
B29: Alíquota do ISS (sobre a base de cálculo): | C29: 5 | D29: %
B31: COFINS | C31: 3 | D31: %
B32: PIS | C32: 0.65 | D32: %
B33: INSS | C33: 0 | D33: %
A35: 5 – Demonstrativo de cálculo do BDI
B37: BDI = { [ ( 1 + A + B + E ) ] * ( 1 + D ) * ( 1 + F ) } -1 = | C37: 0.3471
B38: ( 1 - C )
A40: Declaro para os devidos fins que, conforme legislação tributária municipal, a base de cálculo do ISS para Edificações é de 100 %, com a respectiva alíquota de 5%
A41: Declaro para os devidos fins que o regime de Contribuição Previdenciária adotado para elaboração do orçamento foi Sem Desoneração, e que esta é a alternativa mais adequada para a Administração Pública.
A43: BDI de acordo com a Resolução Nº 366, de 22 de novembro de 2022.

Sheet BDI DIF.
A1: DETALHAMENTO DO BDI DIFERENCIADO
A3: PROPONENTE: | B3: PREFEITURA MUNICIPAL DE SANTA TERESA
A4: OBRA: | B4: VISCONDE DE INHAUMA
A5: ENDEREÇO: | B5: Rua 25 de Março, 186, Santo Antônio do Canaâ, CEP 29654-00, Santa Teresa-ES
A7: 1. Regime de Contribuição Previdenciária
B9: Sem Desoneração
A11: 2. Tipo de Intervenção
B13: Fornecimento de Materiais e Equipamentos
A15: 3. Incidências sobre o custo
A17: A - | B17: Administração Central | C17: 2 | D17: %
A18: B - | B18: Administração Local | C18: 1.72 | D18: %
A19: D - | B19: Custos Financeiros | C19: 0.61 | D19: %
A20: E - | B20: Risco, Garantias e Seguros | C20: 1.5 | D20: %
A22: F - | B22: Lucro | C22: 3 | D22: %
A24: 4 – Incidências sobre o preço de venda
A26: C - | B26: Tributos | C26: 5.65 | D26: %
B28: Percentual da base de cálculo para o ISS: | C28: 100 | D28: %
B29: Alíquota do ISS (sobre a base de cálculo): | C29: 2 | D29: %
B31: COFINS | C31: 3 | D31: %
B32: PIS | C32: 0.65 | D32: %
B33: INSS | C33: 0 | D33: %
A35: 5 – Demonstrativo de cálculo do BDI
B37: BDI = { [ ( 1 + A + B + E ) ] * ( 1 + D ) * ( 1 + F ) } -1 = | C37: 0.1557
B38: ( 1 - C )
A40: Declaro para os devidos fins que, conforme legislação tributária municipal, a base de cálculo do ISS para Fornecimento de Materiais e Equipamentos é de 100 %, com a respectiva alíquota de 2%
A41: Declaro para os devidos fins que o regime de Contribuição Previdenciária adotado para elaboração do orçamento foi Sem Desoneração, e que esta é a alternativa mais adequada para a Administração Pública.
A43: BDI de acordo com a Resolução Nº 366, de 22 de novembro de 2022.

Sheet LS
A1: COMPOSIÇÃO DE LEIS SOCIAIS HORISTAS - BASE DE CÁLCULO - DER-ES EDIFICAÇÕES
A2: GRUPO A - Encargos Sociais Básicos | C2: %
A3: A.1 | B3: INSS (Art. 22 da Lei 8.212/91) | C3: 0.2
A4: A.2 | B4: FGTS (Art. 27 do Decreto 99.684/90) | C4: 0.08
A5: A.3 | B5: SESI/SESC (Lei 8.029/90 e Lei 8.036/90) | C5: 0.018
A6: A.4 | B6: SENAI/SENAC (Lei 8.029/90 e Decreto-Lei 6246/44) | C6: 0.013
A7: A.5 | B7: SEBRAE (já considerado no item A.3 e A.4) | C7: 0
A8: A.6 | B8: INCRA (Lei 2.613/55 e Decreto 1.146/70) | C8: 0.002
A9: A.7 | B9: SALÁRIO-EDUCAÇÃO (Decreto 87.043/82) | C9: 0.025
A10: A.8 | B10: SEGURO ACIDENTE DO TRABALHO (Lei 8.212/91 e Decreto 3.048/99) | C10: 0.03
A11: A.9 | B11: SECONCI/Medicina do Trabalho | C11: 0.01
A12: TOTAL GRUPO A | C12: 0.378
A13: GRUPO B - Encargos Sociais que recebem a incidência do grupo A | C13: %
A14: B.1 | B14: Descanso Semanal Remunerado (Art. 66 da CLT e Art. 7º da CF/88) | C14: 0.1752
A15: B.2 | B15: Feriados (Art. 70 da CLT e Lei 605/49) | C15: 0.0391
A16: B.3 | B16: Auxílio doença e acidente do trabalho (Lei 3.607/60 e Art. 131 da CLT) | C16: 0.0076
A17: B.4 | B17: Licença Paternidade (Art. 7º da CF/88) | C17: 0.0011
A18: B.5 | B18: Faltas Legais (Art. 473 da CLT) | C18: 0.0067
A19: B.6 | B19: 13º Salário (Lei nº 4090/62) | C19: 0.1011
A20: B.7 | B20: Aviso Prévio Trabalhado (Art. 7º, inciso XXI da CF/88) | C20: 0.0034
A21: TOTAL GRUPO B | C21: 0.3342
A22: GRUPO C - Encargos Sociais que não recebem a incidência do grupo A | C22: %
A23: C.1 | B23: Dispensa sem justa causa (LC 110/01) | C23: 0.0534
A24: C.2 | B24: Férias indenizadas (Art. 129 a 148 da CLT) | C24: 0.112
A25: C.3 | B25: Aviso prévio indenizado (Art. 7º, inciso XXI da CF/88) | C25: 0.1129
A26: C.4 | B26: FGTS sobre aviso prévio indenizado (Súmula 305 TST) | C26: 0.009
A27: C.5 | B27: INSS sobre aviso prévio indenizado (Decreto 6.727/09) | C27: 0.0226
A28: TOTAL GRUPO C | C28: 0.3099
A29: GRUPO D - Reincidência dos encargos sociais básicos | C29: %
A30: D.1 | B30: Incidência do grupo A sobre o grupo B | C30: 0.1263
A31: TOTAL GRUPO D | C31: 0.1263
A32: TOTAL DOS GRUPOS (A+B+C+D)
A33: GRUPO E - Encargos complementares | C33: %
A34: E.1 | B34: Refeição/alimentação (Convenção Coletiva do Trabalho 2014/2016) | C34: 0.2575
A35: E.2 | B35: Vale Transporte (Lei nº 7418/85 e Decreto 95.247/87) | C35: 0.0603
A36: E.3 | B36: Uniforme/equipamento de segurança (Art. 166 da CLT e NR-18 da Lei nº 6.514/77 e Convenção | C36: 0.0267
A37: E.4 | B37: Plano de Saúde (Convenção Coletiva do Trabalho 2014/2016) | C37: 0.0798
A38: TOTAL GRUPO E | C38: 0.4243
A39: TOTAL DOS GRUPO (A+B+C+D+E) | C39: 1.5727
